 Dungeon Crawl Stone Soup version 0.21.1-1-g345015f (webtiles) character file.

12749 eccles the Quickloader (level 11, -4/92 HPs)
             Began as a Centaur Hunter on July 25, 2018.
             Was a High Priest of Okawaru.
             Killed from afar by aaksess's ghost (33 damage)
             ... with a flame tongue
             ... on level 10 of the Dungeon on July 27, 2018.
             The game lasted 01:26:31 (14392 turns).

eccles the Quickloader (Centaur Hunter)            Turns: 14392, Time: 01:26:32

Health: -4/92      AC: 27    Str: 16    XL:     11   Next: 66%
Magic:  12/12      EV:  1    Int: 14    God:    Okawaru [*****.]
Gold:   777        SH: 11    Dex: 21    Spells: 10/10 levels left

rFire    . . .     SeeInvis .   b - +0 short sword
rCold    + + .     Gourm    .   N - +2 shield
rNeg     . . .     Faith    .   k - +9 plate armour of the Worm {+Inv Dex+4 Slay+2 Stlth-}
rPois    .         Spirit   .   F - +2 helmet "Cemutav" {-Cast rC++ Int+4 Dex+5}
rElec    .         Reflect  .   (no cloak)
rCorr    .         Harm     .   K - +0 pair of gloves
MR       .....     NoCast   +   (no barding)
Stlth    ..........             P - amulet of rage
HPRegen  0.25/turn              M - +3 ring of protection
MPRegen  0.13/turn              (no ring)

@: hasted (expiring), drained, very quick
A: large, hooves 3, deformed body, speed 2, tough skin 3
a: Heroism, Finesse, Renounce Religion, Evoke Berserk Rage, Evoke Invisibility


You were on level 10 of the Dungeon.
You worshipped Okawaru.
Okawaru was extremely pleased with you.
You were not hungry.

You visited 1 branch of the dungeon, and saw 12 of its levels.

You collected 777 gold pieces.

Inventory:

Hand Weapons
 a - a +4 hand crossbow of flaming
 b - a +0 short sword (weapon)
 R - a +1 hand crossbow
Missiles
 d - 42 bolts
 x - 6 tomahawks
 J - 7 javelins of returning (quivered)
Armour
 c - a +0 leather armour
 i - a +0 ring mail
 k - the +9 plate armour of the Worm (worn) {+Inv Dex+4 Slay+2 Stlth-}
   (You found it on level 4 of the Dungeon)

   It affects your dexterity (+4).
   It affects your accuracy and damage with ranged weapons and melee attacks
   (+2).
   It lets you turn invisible.
   It makes you less stealthy.
 t - a +0 chain mail
 v - a +0 helmet
 F - the +2 helmet "Cemutav" (worn) {-Cast rC++ Int+4 Dex+5}
   (You found it on level 5 of the Dungeon)

   It affects your intelligence (+4).
   It affects your dexterity (+5).
   It greatly protects you from cold.
   It prevents spellcasting.
 K - a +0 pair of gloves (worn)
 N - a +2 shield (worn)
Jewellery
 g - a cursed ring of teleportation
 h - a cursed ring of teleportation
 M - a +3 ring of protection (left hand)
 P - an amulet of rage (around neck)
Wands
 e - a wand of disintegration (13)
 s - a wand of digging (24)
 y - a wand of polymorph (40)
 A - a wand of iceblast (31)
 H - a wand of acid (8)
Scrolls
 m - a scroll of amnesia
 o - a scroll of enchant weapon {unknown}
 r - a scroll of blinking
 u - 2 scrolls of fear {unknown}
 w - 5 scrolls of remove curse
 z - 6 scrolls of teleportation
 C - a scroll of vulnerability {unknown}
 D - 2 scrolls of noise {unknown}
 E - 3 scrolls of fog {unknown}
 G - a scroll of silence {unknown}
 L - a scroll of brand weapon {unknown}
 O - 4 scrolls of magic mapping
 S - a scroll of enchant armour {unknown}
 T - a scroll of random uselessness {unknown}
Potions
 l - a potion of berserk rage {unknown}
 n - 4 potions of curing
 p - 3 potions of brilliance
 q - 3 potions of lignification
 B - a potion of flight {unknown}
 I - 2 potions of heal wounds {unknown}
 Q - a potion of degeneration {unknown}
Comestibles
 f - 14 rations


   Skills:
 + Level 7.4(6.4) Fighting
 + Level 7.2(6.1) Short Blades
 + Level 10.9(9.7) Crossbows
 + Level 4.7(3.7) Throwing
 * Level 7.8(6.7) Armour
 + Level 1.9(1.0) Dodging
 + Level 0.8(0.0) Stealth
 + Level 3.5(2.6) Shields
 + Level 1.5(0.6) Evocations


You had 10 spell levels left.
You didn't know any spells.

Dungeon Overview and Level Annotations

Branches:
Dungeon (12/15)            Temple (0/1) D:4            Lair (0/6) D:10
    Orc (0/2) D:9

Altars:
Ashenzari
Dithmenos
Elyvilon
Hepliaklqana
Kikubaaqudgha
Makhleb
Okawaru
Ru
Uskayaw
Yredelemnul
The Shining One

Annotations:
D:10 aaksess's ghost, journeyman HuFE


Innate Abilities, Weirdness & Mutations

You have hooves in place of feet.
Armour fits poorly on your strangely shaped body.
You cover ground very quickly.
You have extremely tough skin. (AC +3)


Message History

You miss aaksess's ghost.
Aaksess's ghost is almost destroyed.
Your extra speed is starting to run out.
Aaksess's ghost hits you but does no damage.
Your plate armour of the Worm prevents you from hitting aaksess's ghost.
Your kick misses aaksess's ghost.
Aaksess's ghost is almost destroyed.
You hit aaksess's ghost but do no damage.
You kick aaksess's ghost, but do no damage.
Aaksess's ghost is almost destroyed.
Aaksess's ghost whispers, "You will understand me better in a moment."
Aaksess's ghost hits you but does no damage.
You closely miss aaksess's ghost.
Aaksess's ghost is almost destroyed.
You hit aaksess's ghost but do no damage.
You kick aaksess's ghost, but do no damage.
Aaksess's ghost is almost destroyed.
Aaksess's ghost gestures at you while chanting.
The flame tongue hits you!
You die...

........#.....≈≈≈.#
......<.....≈≈≈≈≈...
..(..(......≈≈≈≈..#..
....8...#....≈≈≈W## .
........###......##
........# #.......#
#...#...# ##....#
..#(....#########W#
....[...........@.#
..###.)############
..# #..(...#
..###.####.#
..#.....#..##########
#.#.#.#.#.....(...(.#
.<#.#.#.#..#######.##
)[#'#.#.#..# #...#
.>......#### #.###


You could see aaksess's ghost.

Vanquished Creatures
  2 hydras (D:11)
  3 two-headed ogres
  Nergalle (D:11)
  An unseen horror (D:10)
  Pikel (D:9)
  An ugly thing (D:11)
  2 hippogriffs
  9 yaks (D:10)
  Grum (D:11)
  A golden eye (shapeshifter) (D:8)
  3 hungry ghosts
  A soldier ant (D:12)
  2 hell hounds (D:10)
  A slave (D:9)
  An orc warrior (D:11)
  A black bear (D:7)
  5 ice beasts
  A sky beast (D:5)
  7 ogres
  6 wolves
  A phantom (D:10)
  5 centaurs
  3 bullfrogs
  A gnoll sergeant (D:6)
  6 scorpions
  7 killer bees
  11 wights
  A vampire bat (D:5)
  3 howler monkeys
  4 electric eels
  4 crimson imps
  An orc priest (D:10)
  A bullfrog skeleton (D:9)
  3 jellies
  2 orc wizards (D:7)
  3 centaur skeletons
  Jessica (D:3)
  An iguana (D:8)
  Natasha (twice) (D:2)
  8 worker ants
  A bullfrog simulacrum (D:10)
  2 hound skeletons
  8 gnolls
  14 adders
  A howler monkey skeleton (D:8)
  A hound simulacrum (D:10)
  5 shadow imps
  2 white imps
  2 ufetubi (D:10)
  An ooze (D:1)
  An adder skeleton (D:4)
  2 adder zombies (D:7)
  4 worms
  A dart slug (D:1)
  An adder simulacrum (D:10)
  8 leopard geckos
  17 orcs
  2 bat skeletons (D:5)
  4 bat zombies (D:5)
  7 giant cockroaches
  2 goblins (D:1)
  5 hobgoblins
  11 jackals
  4 quokkas
  A ball python (D:4)
  7 bats
  7 frilled lizards
  6 kobolds
  11 rats
256 creatures vanquished.

Vanquished Creatures (others)
  A slave (D:9)
  A killer bee (D:9)
  A jelly (D:9)
3 creatures vanquished.

Grand Total: 259 creatures vanquished

Notes
Turn   | Place    | Note
-------+----------+-------------------------------------------
     0 | D:1      | eccles the Centaur Hunter began the quest for the Orb.
     0 | D:1      | Reached XP level 1. HP: 17/17 MP: 1/1
   380 | D:1      | Reached XP level 2. HP: 24/24 MP: 2/2
   460 | D:1      | Reached skill level 5 in Crossbows
  1242 | D:1      | Reached XP level 3. HP: 26/29 MP: 3/3
  1737 | D:2      | Noticed Natasha
  1743 | D:2      | Killed Natasha
  1743 | D:2      | Reached skill level 1 in Short Blades
  1743 | D:2      | Reached XP level 4. HP: 18/36 MP: 4/4
  1916 | D:2      | Noticed a dagger
  1916 | D:2      | Noticed a dagger
  1917 | D:2      | Found a hide-covered altar of Uskayaw.
  1989 | D:2      | Found a shadowy altar of Dithmenos.
  2184 | D:2      | Noticed Natasha
  2196 | D:2      | Killed Natasha
  2627 | D:3      | Reached XP level 5. HP: 41/41 MP: 5/5
  2672 | D:3      | Noticed Jessica
  2682 | D:3      | Killed Jessica
  2682 | D:3      | Reached skill level 6 in Crossbows
  2820 | D:3      | Found a faded altar of an unknown god.
  3383 | D:4      | Found an iron altar of Okawaru.
  3389 | D:4      | Became a worshipper of Warmaster Okawaru
  3472 | D:4      | Reached skill level 1 in Armour
  3508 | D:4      | You fall through a shaft!
  3508 | D:5      | Entered Level 5 of the Dungeon
  3508 | D:5      | Noticed a centaur
  3512 | D:5      | Killed a centaur
  3512 | D:5      | Reached XP level 6. HP: 28/50 MP: 6/6
  3577 | D:5      | Reached skill level 7 in Crossbows
  3691 | D:4      | Got a transparent plate armour
  3702 | D:4      | Identified the +9 plate armour of the Worm {+Inv Dex+4 Slay+2 Stlth-} (You found it on level 4 of the Dungeon)
  3767 | D:4      | Reached * piety under Okawaru
  4165 | D:4      | Found a staircase to the Ecumenical Temple.
  4188 | D:4      | Reached XP level 7. HP: 56/56 MP: 7/7
  4836 | D:5      | Reached skill level 8 in Crossbows
  5112 | D:5      | Found an ancient bone altar of Kikubaaqudgha.
  5255 | D:5      | Got a spiked helmet
  5256 | D:5      | Identified the +2 helmet "Cemutav" {-Cast rC++ Int+4 Dex+5} (You found it on level 5 of the Dungeon)
  5341 | D:6      | Reached ** piety under Okawaru
  5397 | D:6      | Reached XP level 8. HP: 63/63 MP: 8/8
  5596 | D:6      | Found a shattered altar of Ashenzari.
  5766 | D:6      | Reached skill level 1 in Throwing
  5962 | D:6      | Found a white marble altar of Elyvilon.
  6001 | D:6      | Reached skill level 9 in Crossbows
  6318 | D:7      | Found a basalt altar of Yredelemnul.
  6358 | D:7      | Found a glowing golden altar of the Shining One.
  6437 | D:7      | Found a shattered altar of Ashenzari.
  6456 | D:7      | Found a glowing golden altar of the Shining One.
  6649 | D:7      | Found a hazy altar of Hepliaklqana.
  6865 | D:7      | Reached *** piety under Okawaru
  7233 | D:8      | Reached XP level 9. HP: 54/72 MP: 9/9
  7299 | D:8      | Noticed a two-headed ogre
  7321 | D:8      | Killed a two-headed ogre
  7321 | D:8      | Reached skill level 5 in Fighting
  7321 | D:8      | Reached skill level 10 in Crossbows
  7368 | D:8      | Reached skill level 5 in Short Blades
  7497 | D:8      | Found a sacrificial altar of Ru.
  7616 | D:8      | Noticed a two-headed ogre
  7653 | D:8      | Killed a two-headed ogre
  7653 | D:8      | Reached **** piety under Okawaru
  7653 | D:8      | Received a gift from Okawaru
  7653 | D:8      | Reached skill level 5 in Armour
  7900 | D:8      | Noticed a black mamba
  8026 | D:8      | Reached XP level 10. HP: 55/83 MP: 10/10
  8457 | D:9      | Noticed Pikel
  8486 | D:9      | Killed Pikel
  8510 | D:9      | Found a burning altar of Makhleb.
  8917 | D:9      | You fall through a shaft for 3 floors!
  9166 | D:10     | Entered Level 10 of the Dungeon
  9188 | D:10     | Reached skill level 1 in Evocations
  9201 | D:10     | Reached ***** piety under Okawaru
  9207 | D:10     | Noticed aaksess's ghost (journeyman HuFE)
  9471 | D:11     | Noticed Grum
  9493 | D:11     | Killed Grum
  9832 | D:11     | Noticed a two-headed ogre
  9855 | D:11     | Killed a two-headed ogre
  9855 | D:11     | Reached skill level 1 in Shields
  9914 | D:11     | Noticed a green ugly thing
  9943 | D:11     | Killed a green ugly thing
  9943 | D:11     | Received a gift from Okawaru
 10745 | D:8      | Reached XP level 11. HP: 57/92 MP: 11/11
 11067 | D:9      | Found a staircase to the Orcish Mines.
 11496 | D:10     | Received a gift from Okawaru
 11759 | D:10     | Killed an unseen horror
 12718 | D:11     | Noticed a five-headed hydra
 12781 | D:11     | Killed a five-headed hydra
 12880 | D:11     | Noticed Nergalle
 12903 | D:11     | Killed Nergalle
 13341 | D:11     | Noticed a four-headed hydra
 13390 | D:11     | Killed a four-headed hydra
 13390 | D:11     | Received a gift from Okawaru
 13839 | D:10     | Found a staircase to the Lair.
 14392 | D:10     | Killed from afar by aaksess's ghost

Skill      XL: |  1  2  3  4  5  6  7  8  9 10 11 |
---------------+----------------------------------+-----
Crossbows      | 5 6 7 8 9 10 | 10.9
Short Blades   | 1 2 3 5 6 7 |  7.2
Armour         | 1 2 4 5 6 7 |  7.8
Fighting       | 3 4 6 7 |  7.4
Throwing       | 1 2 4 |  4.7
Evocations     | 1 |  1.5
Shields        | 2 3 |  3.5
Dodging        | |  1.9
Stealth        | |  0.8

Action                   |  1- 3 |  4- 6 |  7- 9 | 10-12 || total
-------------------------+-------+-------+-------+-------++-------
Melee: Short sword       |   110 |    49 |   107 |   626 ||   892
       Kick              |    14 |    11 |    36 |   267 ||   328
       Hand crossbow     |       |       |     1 |     5 ||     6
 Fire: Hand crossbow     |     6 |   121 |   188 |   115 ||   430
Throw: Tomahawk          |       |     1 |    10 |       ||    11
       Javelin           |       |       |     2 |    71 ||    73
Evoke: Wand              |       |       |     1 |     8 ||     9
  Use: Scroll            |       |     7 |     2 |     6 ||    15
       Potion            |       |     1 |       |     9 ||    10
  Eat: Chunk             |     2 |     6 |    11 |     8 ||    27
       Ration            |       |       |       |     3 ||     3
Armor: Leather armour    |    10 |       |       |       ||    10
       Ring mail         |    25 |    27 |       |       ||    52
       Chain mail        |       |    37 |       |       ||    37
       Plate armour      |       |    12 |   173 |   412 ||   597
       Skin              |       |       |       |    12 ||    12
Dodge: Dodged            |    48 |    51 |    23 |    22 ||   144
Block: Shield            |       |       |       |   320 ||   320
